 Dungeon Crawl Stone Soup version 0.23.0-3-gf3c87f2df8 (webtiles) character file.

Game seed: 4230931653932355913

90 Gunterle the Poker (level 4, -1/25 HPs)
             Began as a Tengu Wanderer on Feb 23, 2019.
             Slain by an orc
             ... wielding a +0 flail
              (7 damage)
             ... on level 3 of the Dungeon.
             The game lasted 00:07:13 (2233 turns).

Gunterle the Poker (Tengu Wanderer)                 Turns: 2233, Time: 00:07:13

Health: -1/25      AC:  4    Str: 12    XL:     4   Next: 56%
Magic:  11/11      EV: 10    Int: 14    God:
Gold:   72         SH:  0    Dex: 13    Spells: 11/11 levels left

rFire    . . .     SeeInvis .   a - +2 spear
rCold    . . .     Gourm    .   (no shield)
rNeg     . . .     Faith    .   m - +1 leather armour
rPois    .         Spirit   .   (helmet restricted)
rElec    .         Reflect  .   (no cloak)
rCorr    +         Harm     .   (no gloves)
MR       .....                  (boots unavailable)
Stlth    ++........             (no amulet)
HPRegen  0.08/turn              o - ring of resist corrosion
MPRegen  0.12/turn              v - ring of stealth

@: no status effects
A: beak, talons 3
a: no special abilities


You were on level 3 of the Dungeon.
You were not hungry.

You visited 1 branch of the dungeon, and saw 3 of its levels.

You collected 72 gold pieces.

Inventory:

Hand Weapons
 a - a +2 spear (weapon)
 b - a +0 mace
Missiles
 g - 36 arrows
 h - 2 tomahawks
 j - 131 stones (quivered)
 t - 30 sling bullets
Armour
 d - a +0 robe
 m - a +1 leather armour (worn)
 q - a +0 ring mail
 x - a +0 shield
Jewellery
 o - a ring of resist corrosion (left hand)
 s - an uncursed ring of fire
 v - a ring of stealth (right hand)
Scrolls
 c - 2 scrolls of teleportation
 e - 2 scrolls of fear
 i - 2 scrolls of enchant armour
 l - a scroll of fog
 n - a scroll of noise
 p - a scroll of blinking {unknown}
 y - a scroll of remove curse {unknown}
 z - a scroll of enchant weapon {unknown}
 A - a scroll of immolation {unknown}
Potions
 k - 2 potions of agility {unknown}
 r - a potion of invisibility {unknown}
 u - a potion of heal wounds {unknown}
Comestibles
 f - 4 rations


   Skills:
 - Level 1.0 Fighting
 * Level 4.4 Polearms
 - Level 2.1 Armour
 - Level 1.0 Stealth
 - Level 4.0 Spellcasting
   Level 1.1 Fire Magic
   Level 1.0 Evocations


You had 11 spell levels left.
You didn't know any spells.
Your spell library was empty.

Dungeon Overview and Level Annotations

Branches:
Dungeon (3/15)

Altars:


Innate Abilities, Weirdness & Mutations

You have a beak for a mouth.
You have claws for feet.


Message History

The orc is heavily wounded.
The orc hits you.
You hit the orc but do no damage. You claw the orc.
You peck the orc, but do no damage.
The orc is almost dead.
The orc hits you but does no damage.
You closely miss the orc.
The orc is almost dead.
The orc closely misses you.
You puncture the orc!
You kill the orc!
The orc hits you with a +0 flail!
You are too injured to fight recklessly!
You are too injured to fight recklessly!
You are too injured to fight recklessly!
Unknown command.
The orc hits you with a +0 whip.
* * * LOW HITPOINT WARNING * * *
The orc hits you with a +0 flail!
You die...

#... #..#
#..# #
#..###.###
#....o....
#.........
##.###.####
#oo........
##@###.####
#......#
##.#####
..# #.# #.#
#.# #.#


You could see 2 orcs.

Vanquished Creatures
  4 adders (D:2)
  2 worms (D:2)
  4 leopard geckos (D:1)
  2 orcs (D:3)
  2 giant cockroaches (D:1)
  2 goblins (D:2)
  2 hobgoblins
  2 jackals (D:1)
  A quokka (D:2)
  A ball python (D:2)
  6 bats
  A frilled lizard (D:2)
  8 kobolds
  6 rats
43 creatures vanquished.

Notes
Turn   | Place    | Note
-------+----------+-------------------------------------------
     0 | D:1      | Gunterle the Tengu Wanderer began the quest for the Orb.
     0 | D:1      | Gunterle set off with the following items: a +2 spear, a +0
                  | mace, a scroll of teleportation, a +0 robe, a ration
     0 | D:1      | Reached XP level 1. HP: 12/12 MP: 6/6
    67 | D:1      | Reached skill level 1 in Polearms
   226 | D:1      | Reached XP level 2. HP: 13/16 MP: 8/8
  1053 | D:1      | Reached XP level 3. HP: 19/20 MP: 9/9
  1680 | D:2      | Reached XP level 4. HP: 22/25 MP: 11/11
  2233 | D:3      | Slain by an orc

Skill      XL: |  1  2  3  4 |
---------------+-------------+-----
Polearms       | 1 2 3 4 |  4.4
Fighting       | |  1.0
Armour         | |  2.1
Stealth        | |  1.0
Spellcasting   | |  4.0
Fire Magic     | |  1.1
Evocations     | |  1.0

Action                   |  1- 3 |  4- 6 || total
-------------------------+-------+-------++-------
Melee: Spear             |    89 |    54 ||   143
       Kick              |     9 |     7 ||    16
       Peck              |     4 |     5 ||     9
Throw: Stone             |     3 |    10 ||    13
  Use: Scroll            |       |     4 ||     4
 Stab: Sleeping          |     5 |     3 ||     8
  Eat: Chunk             |     2 |     2 ||     4
Armor: Robe              |     6 |       ||     6
       Leather armour    |     2 |     9 ||    11
Dodge: Dodged            |    37 |    20 ||    57
